Map: [ESL] Inside and Out

Players

Kelazhur

  • Race: Terran Terran
  • Spawn Location: 1:00

Spirit - Winner!

  • Race: Terran Terran
  • Spawn Location: 7:00

Event: DreamHack SC2 Masters 2022 Valencia

VOD

Have the link to the VOD?

Description

Time

  • Played on: July 1, 2022, 10:36 a.m.
  • Length: 20:23

All games in this series

Show
View Real Time Build Order
Export as new Build Order

Kelazhur Terran 

Build Orders: Cyclone Opening 

Get SALT Encoding   

  12  0:00  SCV  
  13  0:12  SCV  
  14  0:17  Supply Depot  
  14  0:24  SCV  
  15  0:38  SCV  
  15  0:40  Barracks  
  16  0:42  Refinery  
  16  0:50  SCV  
  16  0:52  Refinery  
  17  1:02  SCV  
  18  1:14  SCV  
  19  1:27  Orbital Command, Reaper  
  19  1:28  Supply Depot  
  20  1:42  Factory  
  20  1:53  SCV  
  21  1:59  Reaper  
  22  2:06  SCV  
  23  2:17  Command Center  
  23  2:21  SCV  
  24  2:26  Factory Tech Lab  
  24  2:32  Barracks Reactor  
  24  2:33  SCV  
  25  2:38  Supply Depot  
  25  2:44  Cyclone  
  25  2:46  SCV  
  30  2:58  SCV  
  30  3:11  Marine x2  
  30  3:13  SCV  
  30  3:15  Starport  
  31  3:22  Cyclone  
  31  3:25  SCV  
  35  3:29  Marine x2  
  35  3:33  Orbital Command  
  37  3:38  SCV  
  38  3:42  Refinery  
  38  3:46  Supply Depot  
  38  3:49  Marine x2  
  38  3:50  SCV  
  38  3:55  Medivac  
  43  4:00  SCV  
  43  4:02  SCV  
  45  4:06  Siege Tank  
  45  4:08  Marine  
  45  4:09  Marine  
  50  4:13  SCV  
  50  4:16  SCV  
  52  4:21  Supply Depot  
  52  4:25  SCV  
  52  4:27  Starport Tech Lab  
  52  4:28  SCV, Marine x2  
  56  4:37  SCV  
  57  4:40  SCV, Siege Tank  
  57  4:44  Supply Depot  
  61  4:48  Raven  
  61  4:49  SCV  
  61  4:50  Marine  
  61  4:51  Marine  
  61  4:52  SCV  
  65  5:03  SCV  
  66  5:08  Marine x2  
  66  5:12  SCV  
  66  5:18  SCV  
  66  5:24  Siege Tank  
  66  5:25  SCV  
  70  5:30  SCV, Marine x2  
  70  5:31  Supply Depot  
  73  5:37  SCV  
  74  5:42  SCV  
  74  5:46  Raven  
  74  5:48  Marine  
  74  5:49  SCV  
  78  5:50  Supply Depot  
  78  5:52  Command Center  
  78  5:55  SCV  
  76  6:01  SCV  
  76  6:04  Siege Tank  
  79  6:07  SCV  
  78  6:12  Marine x2  
  78  6:13  SCV  
  81  6:19  Barracks, SCV  
  81  6:20  Barracks  
  81  6:25  SCV  
  83  6:30  Marine x2  
  83  6:31  SCV  
  83  6:32  Engineering Bay x2  
  86  6:35  Raven, Refinery  
  86  6:37  SCV  
  89  6:43  SCV  
  90  6:49  SCV  
  91  6:55  SCV  
  91  6:58  Siege Tank  
  94  7:03  Marine x2  
  94  7:04  SCV  
  94  7:06  Terran Infantry Weapons Level 1  
  94  7:07  SCV, Supply Depot  
  94  7:09  Terran Infantry Armor Level 1  
  90  7:16  SCV  
  90  7:20  Barracks Reactor  
  91  7:23  SCV  
  91  7:26  Starport Reactor  
  91  7:28  SCV  
  92  7:33  Marine  
  92  7:34  Marine x2, Stimpack  
  95  7:37  Orbital Command  
  95  7:39  SCV  
  95  7:40  SCV  
  95  7:41  Refinery x2  
  97  7:45  Siege Tank  
  97  7:50  Barracks  
  100  7:51  Barracks, SCV, Marine  
  100  7:53  SCV  
  103  7:59  Marine x4  
  103  8:03  SCV  
  103  8:04  Sensor Tower  
  103  8:05  SCV  
  109  8:08  Supply Depot  
  109  8:09  Marine  
  109  8:11  Medivac x2  
  109  8:12  SCV  
  115  8:15  SCV  
  115  8:16  Marine, Supply Depot  
  117  8:27  Supply Depot  
  117  8:28  SCV, Siege Tank, Marine x3  
  117  8:29  Supply Depot  
  124  8:37  SCV  
  124  8:38  Marine x2  
  124  8:39  Barracks Reactor x2  
  124  8:40  SCV  
  124  8:41  Armory  
  128  8:42  SCV  
  128  8:47  Medivac x2  
  133  8:49  Marine x2  
  133  8:54  SCV  
  135  9:00  Marine x2  
  135  9:01  Siege Tank  
  137  9:04  Command Center  
  137  9:09  Marine  
  137  9:10  Marine x2  
  137  9:13  Combat Shield  
  137  9:14  Supply Depot  
  137  9:15  Marine x3, Supply Depot  
  143  9:18  Factory  
  131  9:33  Marine  
  131  9:37  Marine  
  124  9:41  Viking x2  
  124  9:44  Marine x7  
  135  9:51  Siege Tank  
  138  9:53  Terran Infantry Weapons Level 2  
  138  9:54  Terran Infantry Armor Level 2  
  138  9:55  Marine x2  
  140  10:00  Terran Vehicle Weapons Level 1, Command Center  
  140  10:05  Marine  
  141  10:08  Marine x6  
  141  10:09  Missile Turret  
  141  10:13  Marine x2  
  149  10:15  Factory Tech Lab, Supply Depot  
  149  10:17  Viking x2  
  153  10:23  Marine  
  153  10:26  Marine x2  
  153  10:27  Siege Tank  
  153  10:28  Marine  
  160  10:43  Siege Tank, Supply Depot  
  160  10:45  SCV x2  
  160  10:49  SCV  
  166  10:50  Marine  
  166  10:51  Marine x3  
  166  10:52  Viking  
  166  10:53  Viking  
  174  10:59  Siege Tank  
  177  11:05  Marine x5  
  177  11:08  Marine  
  177  11:09  Marine x3  
  185  11:17  Siege Tank  
  188  11:21  Starport  
  188  11:22  Marine, Starport  
  188  11:23  Marine  
  188  11:25  Marine  
  191  11:26  Supply Depot  
  191  11:34  Siege Tank, Sensor Tower  
  191  11:37  Refinery, SCV x2  
  196  11:44  Refinery  
  196  11:47  Viking x2  
  192  12:01  Siege Tank  
  192  12:08  Siege Tank  
  198  12:10  Starport Tech Lab x2  
  198  12:11  Planetary Fortress  
  198  12:14  Command Center  
  198  12:17  Marine  
  198  12:22  Terran Infantry Weapons Level 3  
  199  12:24  Terran Ship Weapons Level 1  
  199  12:34  Corvid Reactor  
  196  12:44  Raven x2  
  196  12:49  Command Center  
  200  12:53  Barracks x2  
  200  12:54  Barracks  
  200  12:56  Terran Infantry Armor Level 3  
  200  13:07  Armory  
  198  13:33  Viking x2  
  199  13:39  Raven x2, Siege Tank  
  195  14:04  Starport  
  195  14:06  Starport  
  195  14:08  Siege Tank  
  198  14:13  Refinery x2  
  198  14:15  Missile Turret  
  189  14:19  Marine  
  189  14:21  SCV x3  
  189  14:23  Orbital Command  
  185  14:28  Siege Tank  
  167  14:33  SCV x3  
  167  14:36  Raven  
  167  14:37  Raven, Viking x2  
  168  14:40  Siege Tank  
  171  14:45  SCV x3  
  161  14:57  SCV  
  161  14:58  SCV  
  135  15:00  Siege Tank  
  135  15:02  Marine  
  135  15:03  Marine x4  
  135  15:04  SCV  
  135  15:05  SCV, Marine  
  116  15:09  SCV  
  116  15:10  Planetary Fortress  
  116  15:11  SCV  
  116  15:12  Siege Tank  
  121  15:16  SCV  
  121  15:17  SCV  
  123  15:22  SCV, Marine x5  
  123  15:23  SCV  
  123  15:24  Marine  
  131  15:29  SCV x2  
  131  15:32  Siege Tank, Marine  
  131  15:33  Marine x5  
  142  15:39  SCV x2  
  142  15:40  Marine x2  
  142  15:41  SCV x2  
  148  15:43  Marine  
  148  15:44  Marine x3  
  148  15:46  Sensor Tower  
  152  15:51  Siege Tank  
  152  15:54  Missile Turret  
  155  15:57  SCV  
  155  15:58  Raven x2, SCV  
  155  15:59  Starport Tech Lab  
  155  16:00  Starport Reactor  
  155  16:01  SCV x2  
  163  16:09  Viking, SCV, Siege Tank  
  163  16:10  Viking  
  171  16:12  Terran Vehicle Weapons Level 2  
  171  16:19  Raven  
  171  16:20  Marine x7  
  171  16:24  Siege Tank  
  183  16:29  Marine  
  183  16:30  Marine  
  185  16:36  Marine x3  
  185  16:38  Marine  
  185  16:39  Viking x2  
  193  16:41  Siege Tank  
  195  16:52  Marine  
  195  16:53  Marine x4  
  195  17:28  Siege Tank  
  187  17:37  Raven x2  
  187  17:39  Viking x2  
  187  17:41  Siege Tank  
  196  17:55  Viking  
  184  18:04  Starport Tech Lab  
  124  18:15  Viking  
  124  18:19  Marine  
  118  18:20  Raven x2  
  118  18:28  Marine  
  118  18:29  Marine x4  
  118  18:30  Marine x6  
  118  18:31  Siege Tank  
  124  18:37  Marine  
  124  18:39  Siege Tank  
  101  18:41  Viking x2  
  101  18:44  Orbital Command  
  101  18:46  Marine  
  101  18:47  Marine x4  
  101  18:48  Marine x6  
  102  18:51  Command Center  
  102  18:55  Marine  
  108  18:57  SCV x2  
  110  19:03  Raven  
  110  19:04  Marine x2  
  110  19:05  Siege Tank, Marine x3  
  110  19:06  Marine x6  
  126  19:11  SCV x3  
  126  19:12  SCV  
  126  19:13  Siege Tank, Marine  
  134  19:19  Viking x3  
  134  19:22  Marine  
  134  19:23  Viking  
  143  19:40  Siege Tank  
  143  19:41  Viking  
  151  20:02  Marine  
  151  20:03  Refinery  
  151  20:05  Refinery  
Show
View Real Time Build Order
Export as new Build Order

Spirit Terran - Winner!

Build Orders:  

Get SALT Encoding   

  12  0:00  SCV  
  13  0:12  SCV  
  14  0:16  Supply Depot  
  14  0:24  SCV  
  15  0:38  SCV  
  15  0:41  Barracks  
  16  0:45  Refinery  
  16  0:50  SCV  
  16  0:52  Refinery  
  17  1:02  SCV  
  18  1:14  SCV  
  19  1:28  Orbital Command, Reaper  
  20  1:33  Supply Depot  
  20  1:42  Factory  
  20  1:54  SCV  
  21  2:00  Reaper  
  22  2:06  SCV  
  23  2:18  SCV  
  24  2:27  Hellion  
  24  2:28  Command Center  
  26  2:30  SCV  
  26  2:33  Barracks Reactor  
  27  2:42  SCV  
  27  2:43  Supply Depot  
  28  2:48  Hellion  
  30  2:54  Starport  
  30  2:56  SCV  
  30  3:08  SCV  
  30  3:12  Factory Tech Lab, Marine x2  
  31  3:20  SCV  
  32  3:29  Marine  
  32  3:30  Marine  
  32  3:32  SCV  
  35  3:37  Factory Tech Lab  
  35  3:39  Raven  
  37  3:44  SCV  
  37  3:45  Orbital Command  
  37  3:47  Marine x2  
  40  3:55  Refinery  
  40  3:57  SCV, Cyclone  
  44  4:09  SCV, Supply Depot  
  45  4:11  SCV  
  46  4:21  SCV  
  46  4:22  Banshee  
  46  4:23  SCV  
  51  4:30  Supply Depot  
  51  4:31  Cyclone  
  51  4:33  SCV  
  51  4:35  SCV  
  56  4:45  SCV  
  57  4:47  SCV  
  57  4:50  Command Center  
  58  4:57  SCV  
  59  5:00  Marine  
  59  5:06  Supply Depot x2  
  60  5:11  SCV  
  62  5:14  SCV  
  62  5:16  Raven, Siege Tank  
  67  5:22  Supply Depot  
  67  5:23  SCV  
  68  5:33  SCV  
  68  5:34  Refinery, Marine x2  
  68  5:35  Supply Depot  
  71  5:39  SCV  
  72  5:45  SCV  
  73  5:50  Siege Tank  
  73  5:51  SCV  
  77  5:57  SCV  
  77  6:03  SCV  
  74  6:04  Orbital Command  
  74  6:12  Viking  
  74  6:13  Viking  
  74  6:14  Marine, Stimpack  
  74  6:16  SCV x2  
  80  6:22  Siege Tank  
  83  6:26  Orbital Command  
  83  6:32  Barracks  
  81  6:33  Barracks  
  81  6:38  Marine  
  82  6:41  SCV  
  82  6:42  Viking  
  82  6:43  Viking  
  82  6:44  SCV  
  82  6:52  Engineering Bay x2, SCV  
  82  6:53  SCV  
  84  6:56  SCV, Marine  
  86  7:04  SCV  
  86  7:05  SCV  
  87  7:08  SCV  
  87  7:10  Siege Tank  
  87  7:12  Viking  
  87  7:14  Marine  
  92  7:16  SCV  
  92  7:18  SCV  
  92  7:19  Supply Depot  
  92  7:20  SCV  
  92  7:22  Sensor Tower  
  94  7:24  Viking  
  94  7:27  Marine  
  94  7:28  SCV  
  94  7:29  Terran Infantry Weapons Level 1  
  97  7:30  SCV, Terran Infantry Armor Level 1  
  97  7:31  Marine  
  97  7:33  SCV  
  100  7:38  Marine  
  100  7:40  SCV, Supply Depot  
  100  7:42  SCV  
  100  7:43  Viking  
  105  7:45  SCV, Marine  
  105  7:49  Marine  
  105  7:50  Siege Tank  
  111  7:52  SCV  
  111  7:54  Viking  
  111  7:56  Marine  
  115  7:58  Supply Depot  
  115  8:00  Supply Depot, Combat Shield  
  115  8:05  Refinery  
  115  8:07  Refinery  
  115  8:12  Barracks Reactor  
  115  8:14  Barracks Reactor  
  115  8:15  Barracks  
  115  8:17  Barracks  
  115  8:20  SCV x2  
  115  8:22  Command Center  
  115  8:25  SCV  
  118  8:29  Medivac x2  
  118  8:30  Marine  
  118  8:33  Supply Depot  
  123  8:35  SCV  
  123  8:36  SCV  
  123  8:40  SCV  
  126  8:42  Armory  
  126  8:43  Supply Depot  
  126  8:47  SCV, Marine  
  126  8:48  SCV  
  128  8:50  Marine x3  
  128  8:51  Siege Tank  
  128  8:54  Marine  
  133  8:59  Medivac x2  
  133  9:02  Supply Depot  
  136  9:04  Barracks Reactor  
  136  9:06  Marine  
  136  9:07  SCV  
  136  9:08  Marine x2  
  140  9:10  Marine  
  140  9:11  Barracks Reactor, Supply Depot x2  
  140  9:12  Marine, Missile Turret  
  142  9:22  SCV x2  
  142  9:23  Marine  
  145  9:26  Marine x2  
  145  9:28  Marine  
  145  9:30  Marine, SCV, Supply Depot  
  130  9:39  Liberator x2  
  130  9:41  Marine x2  
  130  9:43  Marine  
  130  9:44  Marine x2  
  141  9:46  Marine x2  
  141  9:47  Marine  
  141  9:48  Marine  
  141  9:49  Siege Tank  
  148  9:53  Terran Infantry Weapons Level 2  
  148  9:59  Marine x2  
  150  10:01  Marine x2  
  150  10:02  Marine  
  150  10:04  Marine x3  
  150  10:06  Marine  
  157  10:11  Sensor Tower  
  157  10:12  Refinery, Terran Infantry Armor Level 2  
  157  10:15  Refinery, Missile Turret, Planetary Fortress  
  157  10:17  Marine x2  
  157  10:19  Marine x2  
  157  10:20  Marine  
  162  10:22  Marine x3  
  162  10:23  Terran Vehicle Weapons Level 1  
  162  10:24  Siege Tank, Marine  
  169  10:34  Marine  
  169  10:35  Marine  
  171  10:36  SCV x2  
  171  10:37  SCV, Marine x3  
  171  10:39  Marine  
  171  10:41  Viking  
  180  10:45  Factory  
  180  10:47  Marine  
  180  10:48  SCV  
  182  10:55  Starport x2  
  182  10:56  Fusion Core, Siege Tank  
  184  11:13  Viking  
  184  11:14  Viking  
  184  11:15  Command Center  
  188  11:22  Armory  
  188  11:28  Siege Tank  
  188  11:31  Factory Tech Lab  
  191  11:34  Starport Reactor, Starport Tech Lab  
  188  11:43  Viking  
  188  11:44  Viking  
  182  11:55  Viking, Siege Tank  
  182  12:00  Siege Tank  
  190  12:09  Advanced Ballistics  
  190  12:13  Viking x2  
  194  12:17  Terran Vehicle And Ship Armor Level 1  
  194  12:25  Viking  
  194  12:27  Siege Tank, Liberator  
  194  12:28  Planetary Fortress  
  199  12:34  Missile Turret  
  199  12:43  Viking x2  
  200  12:47  Terran Vehicle Weapons Level 2  
  200  12:51  Terran Infantry Weapons Level 3  
  200  12:52  Refinery x2  
  200  12:56  Missile Turret, Command Center  
  200  13:02  Missile Turret  
  200  13:05  Command Center  
  200  13:21  Command Center  
  200  13:23  Terran Infantry Armor Level 3  
  200  13:24  Missile Turret  
  193  13:39  Siege Tank  
  196  13:44  Missile Turret  
  196  13:48  Siege Tank  
  196  13:54  Command Center  
  196  13:55  Viking  
  199  13:56  Corvid Reactor  
  199  14:00  Starport x2  
  199  14:02  Starport  
  196  14:24  Siege Tank  
  196  14:29  Viking x2  
  196  14:30  Marine x9  
  193  14:33  Siege Tank  
  177  14:48  Marine x9  
  182  14:56  Siege Tank  
  151  15:03  Viking x5  
  151  15:05  Siege Tank, Marine  
  151  15:06  Marine x8  
  137  15:08  Starport Tech Lab x3  
  137  15:18  Orbital Command  
  137  15:23  Marine x3  
  137  15:24  Orbital Command  
  137  15:26  Terran Ship Weapons Level 1  
  137  15:28  Terran Vehicle And Ship Armor Level 2  
  140  15:30  Raven x2  
  140  15:33  Viking x2, Raven  
  150  15:36  Raven  
  150  15:39  SCV x2  
  154  15:46  Siege Tank  
  157  15:52  Medivac  
  157  15:53  Medivac  
  157  15:55  Siege Tank  
  164  16:03  Medivac x2  
  168  16:04  Marine x4  
  168  16:05  Marine x4  
  168  16:09  Marine  
  176  16:13  Raven x2  
  176  16:16  Raven  
  176  16:18  Raven, Siege Tank  
  185  16:22  Marine  
  188  16:26  Viking x2  
  188  16:31  Siege Tank  
  195  16:33  Viking  
  195  16:37  Marine x3  
  200  16:46  Refinery  
  199  16:49  Refinery  
  199  16:50  Sensor Tower  
  198  16:56  Raven  
  198  16:58  Marine  
  198  16:59  Marine  
  196  17:04  Marine x5  
  200  17:10  Marine  
  200  17:13  Planetary Fortress  
  200  17:15  Marine  
  193  17:16  Siege Tank, Marine  
  193  17:17  Marine  
  193  17:22  Marine x5  
  190  17:25  Raven x2, Siege Tank  
  190  17:28  Marine  
  197  17:33  Marine  
  197  17:34  Marine  
  197  17:35  Marine  
  183  18:07  Siege Tank  
  183  18:11  Marine x4  
  183  18:12  Raven x4  
  156  18:13  Marine x5  
  158  18:21  Siege Tank  
  158  18:29  Marine x4  
  158  18:30  Marine  
  158  18:31  Marine x4  
  165  18:35  Viking x4  
  158  18:43  Siege Tank  
  158  18:47  Marine x4  
  160  18:48  Marine x5  
  160  18:53  SCV x3  
  168  18:58  Orbital Command, Medivac  
  170  19:04  Marine  
  170  19:05  SCV x2, Marine x3  
  170  19:06  SCV, Marine x5  
  170  19:09  Medivac  
  184  19:13  Medivac  
  186  19:17  SCV x2  
  186  19:19  SCV  
  186  19:21  Medivac x2  
  186  19:22  Marine x4  
  197  19:24  Marine x3  
  197  19:25  Orbital Command  
  197  19:26  Refinery  
  197  19:29  SCV  
  197  19:31  SCV  
  198  19:41  SCV  
  199  19:50  Command Center  

Tags
 
Add a new tag
Caveats
  • Supply blocks, unpowered buildings, or Contaminate may cause inaccurate times.
  • Supply counts are checked every 10 seconds.